 Dungeon Crawl Stone Soup version 0.29-a0-398-ge13fd1374b (webtiles) character file.

Game seed: 2424057732737501379

415 happo123 the Digger (level 6, 0/37 HPs)
             Began as a Gargoyle Earth Elementalist on May 12, 2022.
             Slain by a gnoll sergeant
             ... wielding a +0 spear
              (7 damage)
             ... on level 5 of the Dungeon.
             The game lasted 00:18:29 (3981 turns).

happo123 the Digger (Gargoyle Earth Elementalist)   Turns: 3981, Time: 00:18:30

Health: 0/37       AC:  8    Str: 11    XL:     6   Next: 91%
Magic:  4/12       EV: 12    Int: 26    God:
Gold:   164        SH:  4    Dex: 10    Spells: 9/13 levels left

rFire   . . .      SeeInvis .   r - +2 flail (protect)
rCold   . . .      Faith    .   (no shield)
rNeg    + . .      Spirit   .   b - +0 robe
rPois   ∞          Reflect  .   (no helmet)
rElec   +          Harm     .   q - +0 cloak
rCorr   .          Rampage  .   n - +0 pair of gloves
Will    .....                   f - +0 pair of boots
Stlth   ++........              u - amulet of regeneration
HPRegen 0.92/turn               v - +6 ring of intelligence
MPRegen 0.13/turn               (no ring)

@: no status effects
A: sickness immunity, AC +4, negative energy resistance 1, electricity
resistance, torment resistance 1, petrification resistance, claws 1, large bone
plates 1, clever 1, deformed body, robust 1
a: no special abilities


You were on level 5 of the Dungeon.
You visited 1 branch of the dungeon, and saw 5 of its levels.

You collected 208 gold pieces.
You spent 44 gold pieces at shops.

Inventory:

Hand Weapons
 r - a +2 flail of protection (weapon)
Missiles
 a - 28 stones
Armour
 b - a +0 robe (worn)
 f - a +0 pair of boots (worn)
 n - a +0 pair of gloves (worn)
 q - a +0 cloak (worn)
Jewellery
 u - an amulet of regeneration (around neck)
 v - a +6 ring of intelligence (left hand)
Wands
 w - a wand of polymorph (13)
 y - a wand of mindburst (5)
Scrolls
 e - a scroll of fog {unknown}
 g - a scroll of teleportation {unknown}
 h - a scroll of vulnerability {unknown}
 k - 8 scrolls of identify
 l - a scroll of noise {unknown}
 o - a scroll of magic mapping {unknown}
 p - 4 scrolls of immolation
Potions
 c - a potion of magic
 d - a potion of brilliance {unknown}
 i - a potion of invisibility {unknown}
 j - a potion of curing {unknown}
 m - 2 potions of lignification {unknown}
 s - 2 potions of degeneration {unknown}
 t - a potion of flight {unknown}
 x - a potion of might {unknown}
 z - a potion of mutation


   Skills:
 + Level 1.0 Fighting
 + Level 0.6 Short Blades
 + Level 0.1 Maces & Flails
 + Level 2.6 Dodging
 + Level 3.0 Stealth
 + Level 0.1 Unarmed Combat
 + Level 4.2 Spellcasting
 + Level 1.8 Conjurations
 + Level 0.7 Transmutations
 + Level 5.5 Earth Magic


You had 9 spell levels left.
You knew the following spells:

 Your Spells              Type           Power      Damage    Failure   Level
a - Sandblast             Erth           68%        2d15      1%          1
b - Stone Arrow           Conj/Erth      48%        3d10      5%          3

Your spell library contained the following spells:

 Spells                   Type           Power      Damage    Failure   Level
 Passwall                 Tmut/Erth      17%        N/A       3%          2
 Petrify                  Tmut/Erth      21%        N/A       22%         4


Dungeon Overview and Level Annotations

Branches:
Dungeon (5/15)
 Temple: D:4-7

Altars:
Qazlal

Shops:
D:1 [   D:2 ?


Innate Abilities, Weirdness & Mutations

You are immune to sickness and miasma.
Your stone body is resilient. (AC +4)
You are immune to poison.
You resist negative energy. (rN+)
You are resistant to electric shocks. (rElec)
You are resistant to unholy torment.
You are immune to petrification.
You have sharp fingernails.
You are partially covered in large bone plates. (SH +4)
Your mind is acute. (Int +2)
Armour fits poorly on your strangely shaped body.
You are robust. (+10% HP)


Message History

The hound bites you but does no damage.
The gnoll hits you from afar with a +0 spear.
The gnoll sergeant hits you from afar with a +0 spear.
The hound bites you but does no damage.
Aiming: Sandblast (safe; 1% risk of failure)
Press: ? - help, Q - select action, (/) - cycle Shift-Dir - straight line, f/p - gnoll sergeant
Aim: a gnoll sergeant, wielding a +0 spear and wearing a +0 ring mail (87% to hit)
The blast of sand hits the hound!
You kill the hound!
The gnoll hits you from afar with a +0 spear.
The gnoll sergeant hits you from afar with a +0 spear!
* * * LOW HITPOINT WARNING * * *
Your Fighting skill increases to level 1!
Your Stealth skill increases to level 3!
Aiming: Sandblast (safe; 1% risk of failure)
Press: ? - help, Q - select action, (/) - cycle Shift-Dir - straight line, f - gnoll, p - gnoll sergeant
Aim: a gnoll, wielding a +0 spear (84% to hit)
The blast of sand hits the gnoll.
The gnoll is moderately wounded.
The gnoll barely misses you. The gnoll closely misses you.
You block the gnoll sergeant's attack.
Found a stone staircase leading up.
The gnoll hits you but does no damage.
Aiming: Sandblast (safe; 1% risk of failure)
Press: ? - help, Q - select action, (/) - cycle Shift-Dir - straight line, f/p - gnoll
Aim: a gnoll, wielding a +0 spear (moderately wounded, 84% to hit)
The blast of sand hits the gnoll!!
You kill the gnoll!
The gnoll hits you from afar with a +0 spear.
* * * LOW HITPOINT WARNING * * *
Aiming: Sandblast (safe; 1% risk of failure)
Press: ? - help, Q - select action, (/) - cycle Shift-Dir - straight line, f - gnoll
Aim: a gnoll, wielding a +0 spear (84% to hit)
The blast of sand hits the gnoll!
You kill the gnoll!
The gnoll hits you but does no damage.
The gnoll sergeant hits you from afar with a +0 spear.
* * * LOW HITPOINT WARNING * * *
Found 13 gold pieces.
The gnoll sergeant hits you from afar with a +0 spear!
You die...

.... # #$#.# ... #.. #.
## ..#.####..# #. #.# $
...... ...####.
##.<..###...$.##........
.....#.... #......#....<
#.....#.# #.....##.....
#...!.#.###.....# #....
#.@.g)..(..# #....
.###g##.....# #....
.....g...##.## #....
.............###....
.............#...#....
.........#....##.#####
.................####
..............#.....##
............##..#...


You could see a gnoll sergeant and 2 gnolls.

Vanquished Creatures
  A scorpion (D:2)
  2 hounds (D:5)
  An orc priest (D:4)
  Jessica (D:3)
  An orc wizard (D:4)
  10 gnolls
  4 adders
  A worm (D:4)
  A dart slug (D:2)
  10 orcs
  7 ball pythons
  4 endoplasms
  A giant cockroach (D:1)
  7 hobgoblins
  4 jackals
  A quokka (D:2)
  5 bats
  A frilled lizard (D:3)
  8 goblins
  4 kobolds
  4 rats
78 creatures vanquished.

Vanquished Creatures (others)
  A plant (D:1)
1 creature vanquished.

Grand Total: 79 creatures vanquished

Notes
Turn   | Place    | Note
-------+----------+-------------------------------------------
     0 | D:1      | happo123 the Gargoyle Earth Elementalist began the quest
                  | for the Orb.
     0 | D:1      | Reached XP level 1. HP: 10/10 MP: 3/3
   181 | D:1      | Reached XP level 2. HP: 12/15 MP: 0/5
   203 | D:1      | Reached skill level 4 in Earth Magic
   304 | D:1      | Found Xukelyub's Armour Shop.
  1048 | D:2      | Reached XP level 3. HP: 19/19 MP: 4/6
  1071 | D:2      | Found Dubut's Magic Scroll Shop.
  1083 | D:2      | Bought a scroll of identify for 22 gold pieces
  1083 | D:2      | Bought a scroll of identify for 22 gold pieces
  1246 | D:2      | Noticed a scorpion
  1269 | D:2      | Killed a scorpion
  1270 | D:2      | Reached XP level 4. HP: 19/24 MP: 0/9
  1293 | D:2      | Found a faded altar of an unknown god.
  1413 | D:2      | Reached XP level 5. HP: 23/28 MP: 4/10
  1423 | D:2      | Reached skill level 5 in Earth Magic
  1839 | D:3      | Learned a level 3 spell: Stone Arrow
  2253 | D:3      | Noticed Jessica
  2256 | D:3      | Killed Jessica
  2918 | D:3      | Gained mutation: You have sharp fingernails. [potion of
                  | mutation]
  2918 | D:3      | Gained mutation: Your magical capacity is low. (-10% MP)
                  | [potion of mutation]
  2918 | D:3      | Gained mutation: You have a pair of small horns on your
                  | head. [potion of mutation]
  2919 | D:3      | Lost mutation: You have a pair of small horns on your head.
                  | [potion of mutation]
  2919 | D:3      | Lost mutation: Your magical capacity is low. (-10% MP)
                  | [potion of mutation]
  2919 | D:3      | Gained mutation: Your mind is acute. (Int +2) [potion of
                  | mutation]
  2919 | D:3      | Gained mutation: Armour fits poorly on your strangely
                  | shaped body. [potion of mutation]
  2919 | D:3      | Gained mutation: You are partially covered in large bone
                  | plates. (SH +4) [potion of mutation]
  2919 | D:3      | Gained mutation: You are robust. (+10% HP) [potion of
                  | mutation]
  2949 | D:4      | Reached XP level 6. HP: 36/36 MP: 5/12
  3088 | D:4      | Found a stormy altar of Qazlal.
  3421 | D:4      | Reached skill level 1 in Conjurations
  3902 | D:5      | Entered Level 5 of the Dungeon
  3977 | D:5      | Reached skill level 1 in Fighting
  3981 | D:5      | Slain by a gnoll sergeant

Illustrated notes

Levels and vault maps discovered:
D:1:      spicycebolla_arrival_xxxplode, layout_loops_ring, serial_shops,
          shop_fountains, serial_bayou_pond_d, grunt_decor_arrowhead,
          columned_hall_lemuel
D:2:      layout_loops_ring, serial_shops, shop_scrolls,
          hellmonk_ecumenical_altar_crossroads, chequers_serial_rivers_micro_c
D:3:      layout_loops_ring, dreamdust_princess_bridge, uniq_jessica
D:4:      layout_basic, mainiacjoe_overflow_cross_hatched
D:5:      layout_rooms, mainiacjoe_overflow_catwalk, temple_statues

Skill      XL: |  1  2  3  4  5  6 |
---------------+-------------------+-----
Earth Magic    | 4 5 |  5.5
Spellcasting   | 3 4 |  4.2
Dodging        | 2 |  2.6
Conjurations   | 1 |  1.8
Fighting       | 1 |  1.0
Stealth        | 3 |  3.0
Short Blades   | |  0.6
Maces & Flails | |  0.1
Unarmed Combat | |  0.1
Transmutations | |  0.7

Action                   |  1- 3 |  4- 6 || total
-------------------------+-------+-------++-------
Melee: Unarmed           |    39 |       ||    39
       Short sword       |    15 |    37 ||    52
       Flail             |       |    38 ||    38
 Cast: Sandblast         |    39 |    44 ||    83
       Stone Arrow       |       |    20 ||    20
  Use: Scroll            |       |     2 ||     2
       Potion            |       |     2 ||     2
 Stab: Sleeping          |     1 |     3 ||     4
Armor: Robe              |    32 |    52 ||    84
Dodge: Dodged            |    59 |    59 ||   118
Block: Other             |       |     6 ||     6

Table legend: (Time is in decaauts)
 A = Elapsed time spent in this place.
 B = Non-inter-level travel time spent in this place.
 C = Inter-level travel time spent in this place.
 D = Time resting spent in this place.
 E = Time spent auto-exploring this place.
 F = Levels seen in this place.
 G = Mean time per level.
                   A        B        C        D        E       F      G
               +--------+--------+--------+--------+--------+-----+--------+
         Total |   3999 |   3302 |    697 |     94 |   2602 |   5 |  799.8 |
       Dungeon |   3999 |   3302 |    697 |     94 |   2602 |   5 |  799.8 |
               +--------+--------+--------+--------+--------+-----+--------+

Top non-repeatable levels by time:
     D:3: 1115 daAuts
     D:1: 1045 daAuts
     D:4: 966 daAuts
     D:2: 792 daAuts
     D:5: 79 daAuts
